AoeStats
← weefimonster

Baltic

510279807Analyzed
4v4 RM · 24h ago on Sep 30, 2026· 53m 5s· 8 players
Game mode
Random Map
Map size
Large (8 player)
Population
200
Speed
Normal
Resources
Standard
Victory
Conquest
Starting age
Dark Age
Ending age
Imperial Age
RankedLock teamsTeams togetherTeam positionsShared explorationLock speedFull tech treeHidden civsTurbo modeCheats
Victory
Defeat
🇮🇹 Byzantines · Italy
800
+8
🇮🇳 Cumans · India
786
+8
🇨🇳 Bohemians · China
737
+10
🇨🇴 Khmer · Colombia
736
+10
🇨🇦 Italians · Canada
736
-13
🇺🇸 Armenians · United States
717
-12
🇫🇷 Saracens · France
525
-7
416
-4
weefimonster
11:05 Feudal Age
16:55 Castle Age
14:42 Loom
15:36 Fletching
15:52 Double-Bit Axe
16:39 Padded Archer Armor
16:34 Horse Collar
17:49 Bodkin Arrow
19:00 Leather Archer Armor
19:16 Bow Saw
20:21 Heavy Plow
22:26 Ballistics
25:38 Stone Mining
28:02 Medium Warships
28:12 Forging
28:25 Fortified Wall
29:50 Iron Casting
32:15 Murder Holes
32:11 Heated Shot
35:56 Scale Barding Armor
38:35 Imperial Age
39:21 Bracer
40:30 Chemistry
39:46 Elite Genoese Crossbowman
42:13 Heavy Warships
44:59 Light Cavalry
45:44 Husbandry
45:57 Bloodlines
46:11 Chain Barding Armor
趁着风起拿下你
12:38 Feudal Age
20:54 Castle Age
23:25 Double-Bit Axe
23:21 Horse Collar
23:36 Stone Mining
23:38 Gold Mining
27:11 Heavy Plow
27:26 Bow Saw
34:09 Imperial Age
32:19 Wheelbarrow
35:09 Hand Cart
36:15 Two-Man Saw
36:20 Heavy Scorpion
40:47 Fortified Wall
41:38 Chemistry
40:28 Heated Shot
41:02 Ballistics
49:09 Husbandry
48:30 Light Cavalry
Smurfm4n87
1:03 Loom
16:27 Feudal Age
16:57 Horse Collar
17:11 Double-Bit Axe
17:30 Man-at-Arms
17:58 Arson
18:24 Gold Mining
19:51 Forging
19:46 Long Swordsman
21:44 Scale Mail Armor
25:05 Castle Age
25:07 Two-Handed Swordsman
25:36 Gambesons
25:52 Squires
25:46 Fletching
26:23 Chain Mail Armor
26:48 Iron Casting
30:00 Heavy Plow
30:14 Bow Saw
30:41 Gold Shaft Mining
30:54 Wheelbarrow
33:48 Champion
33:50 Pikeman
34:50 Redemption
35:02 Hand Cart
37:25 Halberdier
38:51 Fervor
39:02 Sanctity
38:52 Caravan
39:42 Fletching
39:53 Padded Archer Armor
40:19 Herbal Medicine
44:12 Bodkin Arrow
44:33 Leather Archer Armor
47:59 Imperial Age
50:10 Block Printing
50:21 Illumination
50:00 Devotion
iFeeZ__Sigtryggr
n00b
11:35 Feudal Age
12:04 Double-Bit Axe
12:08 Fishing Lines
19:29 Castle Age
20:25 Gillnets
20:49 Fletching
20:59 Padded Archer Armor
21:23 Bow Saw
23:48 Imperial Age
23:13 Medium Warships
23:21 Leather Archer Armor
23:01 Bodkin Arrow
23:21 Leather Archer Armor
23:29 Horse Collar
24:31 Wheelbarrow
25:19 Heavy Plow
26:21 Two-Man Saw
26:21 Guilds
29:26 Conscription
31:55 Hussite Reforms
32:18 Caravan
34:25 Bracer
34:55 Ring Archer Armor
34:39 Redemption
34:49 Sanctity
34:29 Devotion
34:54 Illumination
34:44 Block Printing
35:48 Theocracy
35:54 Fervor
36:25 Ballistics
36:16 Fortified Wall
37:14 Chemistry
44:18 Atonement
44:39 Faith
44:15 Herbal Medicine
RiSHisOm
0:42 Loom
12:35 Feudal Age
13:19 Double-Bit Axe
14:25 Wheelbarrow
15:08 Fishing Lines
16:30 Horse Collar
21:34 Castle Age
21:28 Gold Mining
22:34 Hand Cart
22:40 Heavy Plow
23:22 Bow Saw
25:36 Gillnets
27:54 Gold Shaft Mining
28:05 Scale Barding Armor
29:20 Caravan
30:42 Chain Barding Armor
37:18 Pikeman
37:58 Squires
37:43 Arson
38:02 Scale Mail Armor
38:13 Forging
43:36 Imperial Age
45:19 Elite Steppe Lancer
47:18 Crop Rotation
47:53 Two-Man Saw
47:22 Halberdier
48:41 Plate Barding Armor
48:07 Padded Archer Armor
48:23 Chain Mail Armor
52:54 Coinage
52:35 Guilds
CHFSwissMade
13:28 Feudal Age
16:21 Double-Bit Axe
16:19 Horse Collar
21:01 Castle Age
21:57 Bow Saw
22:04 Heavy Plow
26:17 Fishing Lines
26:57 Medium Warships
31:30 Loom
32:21 Wheelbarrow
31:49 Padded Archer Armor
31:39 Fletching
31:50 Scale Mail Armor
32:03 Forging
31:38 Pikeman
32:19 Squires
33:29 Hand Cart
34:02 Gold Mining
35:19 Gold Shaft Mining
34:20 Elite Skirmisher
35:21 Chain Mail Armor
35:02 Bodkin Arrow
35:42 Iron Casting
35:26 Leather Archer Armor
35:15 Caravan
36:55 Greek Fire
37:23 Siphons
37:29 Clinker Construction
37:32 Careening
40:42 Imperial Age
38:55 Ballistics
38:16 Treadmill Crane
40:48 Halberdier
41:53 Conscription
42:10 Hoardings
42:09 Crop Rotation
42:43 Two-Man Saw
42:09 Carvel Hull
42:11 Dry Dock
42:36 Heavy Warships
43:59 Shipwright
44:51 Chemistry
44:53 Bracer
45:24 Ring Archer Armor
46:30 Plate Mail Armor
48:15 Gillnets
51:02 Bombard Tower
50:40 Murder Holes
Jaguar_gaming
10:30 Feudal Age
11:49 Wheelbarrow
11:06 Double-Bit Axe
11:03 Horse Collar
21:14 Castle Age
25:21 Loom
25:24 Town Watch
25:08 Crossbowman
25:35 Arson
31:44 Hand Cart
31:31 Town Patrol
31:44 Stone Mining
31:47 Gold Mining
32:22 Tusk Swords
41:18 Imperial Age
39:46 Gold Shaft Mining
39:49 Stone Shaft Mining
42:07 Heavy Scorpion
42:13 Elite Ballista Elephant
43:13 Conscription
42:54 Double Crossbow
43:49 Ballistics
43:25 Murder Holes
43:41 Masonry
44:33 Chemistry
45:43 Bow Saw
46:28 Caravan
46:58 Coinage
46:46 Fortified Wall
46:08 Capped Ram
47:57 Heavy Plow
48:14 Forging
47:54 Fletching
48:04 Padded Archer Armor
48:05 Scale Mail Armor
48:10 Scale Barding Armor
48:46 Sanctity
48:26 Devotion
48:37 Redemption
48:23 Herbal Medicine
48:53 Illumination
49:04 Theocracy
48:39 Fervor
48:49 Siege Ram
50:23 Bloodlines
49:33 Light Cavalry
50:14 Husbandry
49:35 Light Cavalry
51:31 Architecture
50:54 Guard Tower
51:21 Leather Archer Armor
51:02 Bodkin Arrow
51:42 Iron Casting
51:23 Chain Mail Armor
Connection lost

Rejoining the realm…

Still unreachable

The connection could not be restored.

Session expired

The server has moved on; the page needs a fresh start.